Map: Romanticide LE

Players

Kas

  • Race: Terran Terran
  • League: Grandmaster

MarineLorD - Winner!

  • Race: Terran Terran
  • League: Master

Event: DreamHack SC2 Masters 2021 Summer

VOD

Have the link to the VOD?

Description

Time

  • Played on: May 23, 2021, 11:58 a.m.
  • Length: 19:16

All games in this series

Show
View Real Time Build Order
Export as new Build Order

Kas Terran 

Build Orders:  

Get SALT Encoding   

  12  0:00  SCV  
  13  0:12  SCV  
  14  0:17  Supply Depot  
  14  0:24  SCV  
  15  0:38  SCV  
  16  0:43  Refinery  
  16  0:44  Barracks  
  16  0:50  SCV  
  16  0:52  Refinery  
  17  1:03  SCV  
  18  1:15  SCV  
  19  1:30  Orbital Command  
  19  1:31  Reaper  
  20  1:34  Supply Depot  
  20  1:43  Factory  
  20  1:56  SCV  
  21  2:03  Reaper  
  21  2:08  SCV  
  23  2:21  SCV  
  24  2:25  Command Center  
  24  2:31  Hellion  
  24  2:33  SCV  
  24  2:36  Barracks Reactor  
  27  2:42  Supply Depot  
  27  2:46  SCV  
  28  2:54  Factory Tech Lab  
  28  2:58  SCV  
  29  3:00  Starport  
  29  3:11  SCV  
  30  3:13  Marine, Siege Tank  
  30  3:16  Marine  
  35  3:23  SCV  
  36  3:31  Marine  
  37  3:34  Marine  
  37  3:35  SCV  
  37  3:36  Orbital Command  
  39  3:42  Viking  
  41  3:48  Bunker  
  41  3:53  Siege Tank  
  45  3:55  SCV  
  45  3:59  Marine x2  
  45  4:02  SCV  
  48  4:08  SCV  
  49  4:12  Supply Depot  
  49  4:13  Refinery  
  49  4:14  SCV  
  49  4:15  Starport Tech Lab  
  50  4:19  Marine  
  50  4:20  Marine  
  50  4:22  SCV  
  53  4:33  SCV  
  53  4:34  Siege Tank  
  53  4:36  Supply Depot  
  53  4:37  Marine  
  58  4:41  Raven  
  60  4:46  SCV  
  60  4:47  SCV  
  62  4:54  Command Center  
  62  4:58  SCV  
  63  5:00  SCV  
  63  5:01  Marine x2  
  63  5:05  Supply Depot  
  66  5:11  SCV, Siege Tank  
  70  5:20  Supply Depot  
  70  5:23  Refinery  
  70  5:26  Raven, Marine x2  
  70  5:27  SCV x2  
  76  5:39  SCV x2  
  78  5:43  Siege Tank  
  81  5:51  SCV x2  
  81  5:54  Barracks  
  81  5:55  Barracks  
  82  6:03  SCV x2  
  83  6:08  Orbital Command  
  81  6:15  SCV  
  82  6:20  SCV  
  82  6:21  Starport Reactor, Siege Tank  
  86  6:27  SCV  
  86  6:30  Orbital Command, Marine  
  86  6:31  Engineering Bay, Stimpack  
  86  6:32  SCV, Engineering Bay  
  89  6:39  SCV  
  90  6:41  Barracks x2  
  90  6:43  Barracks Reactor  
  90  6:44  SCV  
  91  6:49  Supply Depot  
  91  6:50  Marine  
  91  6:51  SCV  
  91  6:52  Supply Depot  
  93  6:56  SCV x2  
  93  6:57  Marine  
  96  7:01  Marine  
  96  7:02  Siege Tank  
  96  7:03  SCV  
  96  7:08  Terran Infantry Weapons Level 1, Supply Depot  
  101  7:10  Terran Infantry Armor Level 1, Marine, Medivac x2, SCV x2  
  101  7:15  Supply Depot x2  
  108  7:17  SCV  
  108  7:19  Marine x4  
  108  7:22  SCV x2  
  115  7:28  Marine  
  115  7:29  Barracks Reactor, SCV  
  117  7:30  Barracks Reactor  
  117  7:34  SCV x2  
  117  7:37  Marine, Siege Tank  
  119  7:38  Command Center  
  119  7:41  SCV  
  124  7:46  Refinery  
  124  7:47  Refinery, SCV x2, Sensor Tower  
  124  7:48  Marine x4  
  130  7:53  SCV, Medivac  
  130  7:54  Medivac  
  130  7:56  Supply Depot  
  130  7:57  Supply Depot  
  135  8:01  SCV  
  135  8:02  SCV  
  135  8:03  Armory  
  135  8:05  Marine  
  138  8:07  Marine x2  
  138  8:12  Combat Shield  
  140  8:14  SCV  
  140  8:18  SCV, Marine x4, Siege Tank  
  140  8:19  Marine x2  
  151  8:23  Marine  
  151  8:26  SCV x2  
  152  8:27  Marine x2  
  152  8:28  Medivac  
  152  8:31  SCV  
  152  8:33  Supply Depot  
  152  8:34  Supply Depot  
  157  8:36  Missile Turret  
  157  8:38  Supply Depot  
  157  8:41  Supply Depot  
  157  8:48  Marine  
  156  8:49  Marine x7, Medivac  
  156  8:50  Marine  
  156  8:54  SCV  
  166  9:01  SCV  
  163  9:06  Marine  
  163  9:07  Marine  
  163  9:09  Marine  
  165  9:10  Marine  
  165  9:13  Marine x2  
  165  9:14  Terran Infantry Armor Level 2, Terran Infantry Weapons Level 2, Siege Tank  
  165  9:15  Terran Vehicle Weapons Level 1  
  165  9:16  Marine  
  173  9:17  Factory  
  173  9:19  Marine x2  
  173  9:22  Planetary Fortress  
  175  9:36  Marine x2  
  175  9:37  SCV  
  178  9:39  Marine  
  179  9:46  Marine x6  
  179  9:48  Siege Tank  
  186  9:54  Marine x2  
  186  9:56  Marine  
  153  10:04  Marine x2  
  153  10:05  Marine x2  
  146  10:09  Marine  
  146  10:10  Marine, Medivac  
  146  10:11  Factory Tech Lab, Medivac  
  146  10:12  Marine x2  
  152  10:14  Marine  
  152  10:20  Siege Tank  
  153  10:22  Marine x2  
  153  10:23  Marine x2  
  153  10:27  Marine x2  
  153  10:28  SCV x2  
  160  10:30  Marine x2, Siege Tank  
  160  10:32  Marine  
  160  10:34  Starport  
  160  10:35  Starport, Command Center  
  166  10:40  Marine x3  
  166  10:41  Marine  
  170  10:45  Marine x2  
  170  10:47  Marine, Medivac x2  
  170  10:48  Marine  
  178  10:50  Marine  
  178  10:52  Siege Tank  
  178  10:53  Refinery, SCV x2  
  178  10:54  Refinery  
  184  10:57  Marine  
  184  10:58  Sensor Tower, Marine x3  
  184  11:03  Marine x2  
  190  11:04  Command Center  
  190  11:05  Marine x2  
  190  11:08  Marine  
  188  11:12  Starport Reactor  
  188  11:13  Starport Reactor  
  188  11:15  Marine x2  
  188  11:16  Marine x2  
  188  11:24  Marine x4  
  188  11:25  Marine, Siege Tank x2  
  197  11:26  Viking  
  197  11:31  Terran Infantry Weapons Level 3  
  200  11:39  Armory, Terran Ship Weapons Level 1  
  198  11:42  SCV  
  198  11:43  SCV  
  200  11:53  Marine x9  
  197  12:04  Siege Tank  
  200  12:09  Barracks x2  
  200  12:12  Barracks  
  179  12:33  Orbital Command, Marine x6  
  179  12:36  Marine x3, Siege Tank  
  179  12:37  Siege Tank  
  163  12:41  Viking  
  163  12:42  Viking x5  
  175  12:51  Marine x2  
  173  12:52  Marine x2  
  173  12:54  Marine, Planetary Fortress  
  173  12:57  Refinery  
  173  12:58  Refinery  
  178  13:00  Barracks Reactor x2  
  178  13:01  Barracks Reactor  
  178  13:08  Siege Tank  
  178  13:11  Terran Vehicle And Ship Armor Level 1, Viking x2  
  185  13:13  Terran Infantry Armor Level 3  
  185  13:14  Marine x2  
  185  13:18  Marine  
  188  13:25  Liberator x2  
  188  13:26  Liberator  
  197  13:31  Viking, Fusion Core  
  197  13:32  Marine  
  175  13:57  Viking x2  
  175  14:00  Marine  
  175  14:01  Viking  
  175  14:02  Marine  
  182  14:03  Marine x2  
  182  14:06  Command Center  
  180  14:10  Marine x2  
  180  14:11  Viking x2  
  180  14:12  Terran Ship Weapons Level 2  
  180  14:13  Marine x2  
  180  14:14  Marine x2  
  180  14:15  Siege Tank x2  
  193  14:21  Marine  
  194  14:25  Advanced Ballistics  
  194  14:29  Viking x3  
  200  14:35  Starport  
  200  14:36  Starport  
  197  14:42  Viking x2  
  194  14:54  Viking  
  194  14:59  Viking x2  
  200  15:04  Terran Vehicle Weapons Level 2  
  190  15:23  Marine x2  
  190  15:24  Viking  
  190  15:25  Viking x2  
  190  15:27  Viking x3  
  198  15:29  Marine  
  198  15:30  Viking  
  198  15:32  Marine  
  192  15:37  Marine, Viking  
  192  15:38  Marine x3  
  192  15:39  Marine  
  199  15:44  Marine  
  200  15:50  Planetary Fortress  
  200  15:55  Viking  
  199  16:07  Marine  
  200  16:12  Starport Reactor x2  
  200  16:27  Terran Vehicle And Ship Armor Level 2  
  190  16:34  Liberator x4, Viking  
  190  16:38  Marine x6  
  199  16:42  Viking  
  198  17:00  Command Center  
  198  17:03  Command Center  
  198  17:04  Viking  
  198  17:06  Viking x4  
  198  17:07  Siege Tank  
  198  17:08  Siege Tank  
  178  17:12  Viking  
  178  17:13  Marine x2  
  179  17:17  Liberator, Viking  
  179  17:19  Liberator  
  187  17:23  Starport  
  187  17:26  Liberator  
  190  17:33  Starport  
  190  17:39  Siege Tank  
  167  18:00  Viking x3  
  167  18:01  Viking  
  167  18:02  Viking x5  
  176  18:10  Starport Tech Lab  
  176  18:11  Starport Tech Lab  
  176  18:18  Viking  
  169  18:30  Viking x3  
  169  18:31  Viking  
  169  18:33  Orbital Command  
  165  18:35  Viking  
  165  18:36  Viking  
  160  18:42  Viking  
  160  18:43  Viking  
Show
View Real Time Build Order
Export as new Build Order

MarineLorD Terran - Winner!

Build Orders: Gas First Reaper Expand 

Get SALT Encoding   

  12  0:00  SCV  
  13  0:12  SCV  
  14  0:16  Supply Depot  
  14  0:24  SCV  
  15  0:28  Refinery  
  15  0:38  SCV  
  16  0:44  Barracks  
  16  0:50  SCV  
  17  1:02  SCV  
  18  1:14  SCV  
  19  1:30  Orbital Command  
  19  1:31  Reaper  
  20  1:54  Command Center  
  20  1:57  SCV  
  21  2:04  Factory  
  21  2:06  Barracks Reactor  
  21  2:09  SCV  
  22  2:21  SCV  
  23  2:23  Supply Depot  
  23  2:30  Refinery  
  23  2:44  SCV  
  24  2:54  Starport, Hellion x2  
  24  2:55  Barracks Tech Lab  
  24  2:57  SCV  
  29  3:10  Orbital Command  
  29  3:12  SCV  
  29  3:24  Factory Tech Lab, SCV  
  29  3:26  Marine x2  
  32  3:34  Orbital Command  
  32  3:37  SCV  
  33  3:43  Banshee  
  33  3:44  Siege Tank  
  33  3:45  Marine  
  33  3:46  Marine  
  41  3:49  SCV  
  41  3:51  Supply Depot  
  42  3:56  Refinery  
  42  4:00  SCV  
  42  4:01  SCV  
  44  4:04  Marine x2  
  46  4:13  SCV x2  
  46  4:15  Supply Depot  
  46  4:17  Siege Tank  
  51  4:27  SCV x2  
  53  4:36  Raven  
  55  4:39  SCV x2, Supply Depot  
  57  4:52  Command Center  
  60  4:53  Siege Tank  
  60  4:54  SCV x2  
  62  5:00  Marine x2, Supply Depot  
  62  5:03  Supply Depot  
  62  5:06  SCV x2  
  66  5:18  SCV  
  66  5:19  Refinery  
  66  5:20  SCV, Raven  
  70  5:21  Marine x2  
  70  5:26  Supply Depot  
  72  5:30  SCV, Siege Tank  
  72  5:33  SCV  
  77  5:40  Marine x2  
  79  5:43  SCV  
  79  5:46  SCV  
  79  5:48  Supply Depot  
  81  5:55  SCV, Barracks  
  81  5:56  Barracks  
  82  5:58  SCV  
  83  6:07  SCV, Orbital Command  
  83  6:10  SCV  
  85  6:13  Siege Tank  
  88  6:19  SCV  
  88  6:22  Engineering Bay  
  88  6:23  SCV, Engineering Bay  
  88  6:24  Viking  
  92  6:26  Viking  
  92  6:27  Orbital Command  
  92  6:30  Marine  
  92  6:32  SCV  
  96  6:35  SCV  
  97  6:42  Stimpack  
  97  6:43  Barracks Reactor x2  
  97  6:44  SCV  
  98  6:47  SCV  
  98  6:49  Terran Infantry Weapons Level 1  
  98  6:50  Terran Infantry Armor Level 1  
  98  6:53  SCV  
  100  6:56  SCV  
  100  6:59  SCV  
  100  7:00  Viking, Supply Depot  
  104  7:02  Viking  
  104  7:05  SCV  
  104  7:08  SCV  
  108  7:11  Refinery x2, SCV  
  108  7:13  Siege Tank  
  112  7:17  SCV  
  112  7:20  SCV  
  114  7:23  Supply Depot x2  
  114  7:24  Command Center  
  114  7:25  SCV  
  114  7:28  Marine x2  
  114  7:29  SCV  
  118  7:31  Marine x3  
  118  7:35  Viking  
  118  7:36  Viking  
  125  7:44  SCV x3  
  125  7:45  Barracks  
  125  7:46  Barracks  
  125  7:47  Siege Tank  
  131  7:52  Supply Depot  
  131  7:53  Marine x3  
  131  7:55  Missile Turret  
  131  7:57  Marine  
  131  7:58  Marine  
  136  8:00  Sensor Tower  
  138  8:07  Medivac x2  
  138  8:11  Marine  
  141  8:13  Supply Depot  
  141  8:14  Marine x2, Supply Depot  
  141  8:15  Supply Depot  
  141  8:18  Armory  
  141  8:19  Marine x2  
  144  8:20  SCV  
  144  8:24  SCV x2  
  146  8:28  Combat Shield, Siege Tank  
  146  8:33  Supply Depot  
  149  8:34  Marine x4  
  149  8:36  Marine  
  149  8:37  Marine  
  149  8:38  SCV x2  
  157  8:44  Marine  
  158  8:51  Refinery  
  158  8:52  Marine  
  158  8:54  SCV x2  
  164  8:56  Refinery  
  164  8:58  Planetary Fortress  
  164  8:59  SCV  
  162  9:04  Viking x2  
  162  9:05  Sensor Tower  
  162  9:06  Barracks Reactor x2  
  162  9:08  Terran Infantry Weapons Level 2  
  163  9:10  Terran Infantry Armor Level 2  
  163  9:12  SCV  
  163  9:13  SCV  
  163  9:15  SCV  
  166  9:21  Siege Tank  
  164  9:24  SCV  
  164  9:29  SCV x2  
  167  9:31  Terran Vehicle Weapons Level 1  
  167  9:34  Viking x2  
  171  9:45  Marine x2  
  173  9:46  Marine x2  
  173  9:50  Marine  
  173  9:51  Marine  
  174  9:56  Marine  
  157  10:01  Marine x2  
  157  10:02  Siege Tank  
  157  10:03  Marine x2  
  157  10:04  Marine x2  
  164  10:07  Marine  
  164  10:09  Marine  
  164  10:12  SCV x2  
  168  10:14  Marine, Command Center  
  168  10:15  Sensor Tower, Missile Turret  
  168  10:17  Viking x2  
  168  10:18  Marine x2  
  168  10:21  Marine x2  
  176  10:28  Factory  
  177  10:29  Factory  
  177  10:31  Starport  
  177  10:32  Starport  
  177  10:34  Siege Tank  
  177  10:35  Missile Turret  
  180  10:47  Viking x2  
  180  10:48  Armory, Command Center  
  184  10:50  Missile Turret  
  184  10:51  Command Center  
  184  11:10  Marine x6  
  190  11:17  Viking  
  190  11:18  Marine  
  188  11:25  Factory Tech Lab x2  
  188  11:26  Starport Tech Lab x2  
  188  11:32  Command Center  
  188  11:35  Viking  
  188  11:38  Terran Infantry Weapons Level 3, Terran Vehicle And Ship Armor Level 1, Terran Ship Weapons Level 1  
  188  11:39  Terran Infantry Armor Level 3  
  188  11:47  Viking  
  182  12:03  Orbital Command x2, Siege Tank x3  
  182  12:05  Raven x2, Corvid Reactor  
  195  12:13  Planetary Fortress  
  195  12:23  Unknown  
  195  12:25  Sensor Tower  
  173  12:30  Marine x3  
  173  12:31  Marine  
  173  12:32  Marine x4  
  173  12:33  Marine  
  151  12:39  Viking x2  
  155  12:47  Raven x2  
  155  12:48  Marine x3  
  155  12:49  Marine  
  155  12:50  Marine  
  164  12:51  SCV x2  
  164  12:52  SCV  
  164  12:56  Siege Tank  
  164  12:57  Siege Tank  
  170  12:58  Orbital Command  
  170  13:00  Command Center  
  170  13:05  Missile Turret  
  170  13:09  Missile Turret  
  170  13:14  Starport  
  170  13:15  Starport  
  170  13:16  Starport  
  170  13:21  Barracks x2  
  170  13:26  Barracks, Viking x2  
  174  13:34  Terran Ship Weapons Level 2  
  174  13:35  Terran Vehicle And Ship Armor Level 2  
  174  13:46  Viking x2  
  170  14:07  Command Center x2  
  170  14:09  Viking x2  
  174  14:11  Command Center  
  174  14:12  Starport Reactor x3  
  174  14:30  Raven  
  174  14:31  Raven  
  178  14:32  Refinery  
  178  14:34  Refinery, Missile Turret  
  178  14:37  Sensor Tower  
  178  14:39  Viking x2  
  176  14:48  Viking  
  176  14:49  Viking x5  
  188  14:53  Planetary Fortress  
  188  14:57  Marine  
  188  14:58  SCV x3  
  185  15:09  Viking x2  
  185  15:10  Marine x2  
  185  15:13  Viking x2  
  192  15:20  Viking x2  
  184  15:21  Marine x2  
  174  15:29  Marine  
  174  15:30  Marine x2  
  174  15:31  Siege Tank x2  
  174  15:32  Marine x2  
  174  15:34  Marine x4  
  175  15:39  Viking  
  175  15:40  Viking x5  
  185  15:43  Raven x2  
  185  15:46  Neosteel Armor, Hi-Sec Auto Tracking  
  185  15:47  Orbital Command  
  185  15:48  Orbital Command  
  187  15:50  Orbital Command  
  187  15:57  Siege Tank  
  187  15:58  Barracks Reactor  
  187  16:00  Barracks Reactor x2  
  187  16:03  Siege Tank  
  193  16:16  Command Center  
  193  16:26  Raven x2  
  193  16:28  Viking  
  193  16:29  Viking x2  
  192  16:34  Viking x3  
  192  16:36  Viking  
  192  16:48  Siege Tank  
  192  17:05  Command Center  
  182  17:15  Raven x2  
  186  17:16  Liberator x2  
  186  17:18  Fusion Core  
  168  17:58  Raven x2  
  168  18:00  Viking x3  
  175  18:22  Viking x3  
  175  18:23  Planetary Fortress  
  175  18:26  Refinery  
  183  18:45  Refinery  
  187  18:50  Missile Turret x2  
Tags
 
Add a new tag
Caveats
  • Supply blocks, unpowered buildings, or Contaminate may cause inaccurate times.
  • Supply counts are checked every 10 seconds.